 Dungeon Sprint DCSS version 0.20-b1-24-gb21faa7 (webtiles) character file.

15383 potatolord6000 the Tortoise (level 12, -3/172 HPs)
             Began as a Barachi Fighter on May 25, 2017.
             Was an Initiate of Gozag.
             Slain by Sonja
             ... wielding a +1 short sword of distortion
              (12 damage)
             ... in the Dungeon (Sprint IX: "|||||||||||||||||||||||||||||").
             The game lasted 00:11:15 (2244 turns).

potatolord6000 the Tortoise (Barachi Fighter)       Turns: 2244, Time: 00:11:16

Health: -3/172     AC: 32    Str: 38    XL:     12   Next: 26%
Magic:  12/12      EV:  9    Int: 10    God:    Gozag
Gold:   280        SH: 16    Dex: 15    Spells: 11/11 levels left

rFire    . . .     SeeInvis +   n - +2 scimitar (holy)
rCold    . . .     Gourm    .   c - +0 shield
rNeg     + . .     Faith    .   z - +4 plate armour "Kaymon" {+Inv rCorr Str+7 Int-3}
rPois    .         Spirit   .   d - +0 mask of the Dragon {MR+ Slay+3 SInv}
rElec    .         Reflect  .   x - +0 cloak
rCorr    +         Harm     .   m - +0 pair of gloves {Dex+3}
MR       ++...     NoTele   +   y - +0 pair of boots
Stlth    ..........             (no amulet)
Regen    0.4/turn               p - +5 ring of protection (curse)
MPRegen  0.2/turn               f - ring of Xom's Malicious Joy {rN+ MR+ Str+4 Int+4}

@: berserking, lethally poisoned (-3 -> -5), slowed, slow
A: +LOS, swims, slowness 1, strong legs 1
a: Hop, Potion Petition, Call Merchant, Bribe Branch, Renounce Religion, Evoke
Invisibility


You were in the Dungeon.
You worshipped Gozag.
Gozag was aware of your devotion.
You were not hungry.

You visited 1 branch You collected 8601 gold pieces.
You spent 4719 gold pieces at shops.
You paid 3602 gold pieces to Gozag.

Inventory:

Hand Weapons
 n - a +2 scimitar of holy wrath (weapon)
Armour
 c - a +0 shield (worn)
 d - the +0 mask of the Dragon (worn) {MR+ Slay+3 SInv}
   (You bought it in a shop in the Dungeon)

   It affects your accuracy and damage with ranged weapons and melee attacks
   (+3).
   It affects your resistance to hostile enchantments.
   It lets you see invisible.
 m - a +0 pair of gloves of dexterity (worn)
 x - a +0 cloak (worn)
 y - a +0 pair of boots (worn)
 z - the +4 plate armour "Kaymon" (worn) {+Inv rCorr Str+7 Int-3}
   (You bought it in a shop in the Dungeon)

   It affects your strength (+7).
   It affects your intelligence (-3).
   It lets you turn invisible.
   It protects you from acid and corrosion.
Jewellery
 f - the ring of Xom's Malicious Joy (right hand) {rN+ MR+ Str+4 Int+4}
   (You bought it in a shop in the Dungeon)

   [ring of intelligence]

   It affects your strength (+4).
   It affects your intelligence (+4).
   It protects you from negative energy.
   It affects your resistance to hostile enchantments.
 p - a cursed +5 ring of protection (left hand)
Scrolls
 k - 2 scrolls of blinking
 l - 2 scrolls of remove curse
 r - 2 scrolls of recharging
 s - a scroll of fear
 t - 2 scrolls of identify
 u - a scroll of fog
Potions
 g - 3 potions of heal wounds
 h - 4 potions of curing
 i - 4 potions of magic
 j - a potion of resistance
 v - a potion of ambrosia
Comestibles
 a - 40 fruits
 o - 12 bread rations
 w - 11 meat rations


   Skills:
 + Level 17.6 Fighting
 + Level 17.5 Long Blades
 + Level 17.7 Armour
 + Level 16.4 Shields


You had 11 spell levels left.
You didn't know any spells.

Dungeon Overview and Level Annotations

Branches:
Dungeon (1/1)

Altars:
Cheibriados
Dithmenos
Elyvilon
Fedhas
Gozag
Hepliaklqana
Kikubaaqudgha
Makhleb
Nemelex Xobeh
Okawaru
Qazlal
Ru
Sif Muna
Trog
Uskayaw
Vehumet
Xom
Yredelemnul
Zin
The Shining One
Beogh
Jiyva
Lugonu

Shops:
D [[(=[*}*[

Annotations:
D Sonja


Innate Abilities, Weirdness & Mutations

Shadows flee at your approach. (+LOS)
You can swim through water.
You cover ground slowly.
You can hop short distances.


Message History

Sonja hits you but does no damage.
You feel a strange sense of stasis.
You slash Sonja!
Sonja is moderately wounded.
Sonja hits you but does no damage. You block Sonja's attack.
Sonja hits you but does no damage. Space bends around you.
* * * LOW HITPOINT WARNING * * *
Unknown command.
You completely miss Sonja.
Sonja is moderately wounded.
You feel sick. You block Sonja's attack. x2
Sonja hits you but does no damage.
You feel a strange sense of stasis.
Unknown command.
You completely miss Sonja.
Sonja is moderately wounded.
You block Sonja's attack.
Sonja hits you with an uncursed short sword of distortion.
* * * LOW HITPOINT WARNING * * *
Space warps horribly around you!
You die...
Your body crumbles into a pile of gold.

▓[▓.▓'▓.▓∩▓(▓
▓.▓.▓(▓.▓.▓(▓
▓.▓.▓?▓.▓∩▓(▓
▓)▓.▓.▓.▓[▓.▓
▓.▓.▓.▓.▓∩▓.▓
▓.▓.▓∩▓.▓.▓.▓
▓[▓.▓.▓.▓∩▓.▓
▓[▓.▓.▓.▓.▓K▓
▓.▓.▓.▓.▓∩▓@▓
▓)▓.▓.▓.▓.▓.▓
▓/▓)▓.▓.▓.▓.▓
▓.▓.▓.▓.▓.▓.▓
▓.▓.▓.▓.▓.▓.▓
▓'▓.▓'▓.▓[▓.▓
▓_▓.▓.▓.▓(▓.▓
▓_▓.▓.▓.▓.▓.▓
▓_▓.▓.▓.▓.▓.▓


You could see Sonja.

Vanquished Creatures
  A stone giant (D)
  4 ogre magi (D)
  Harold (D)
  A hydra (D)
  2 two-headed ogres (D)
  5 deep trolls (D)
  2 orc sorcerers (D)
  A lindwurm (D)
  Psyche (D)
  2 spiny frogs (D)
  A komodo dragon (D)
  3 trolls (D)
  2 tyrant leeches (D)
  A vampire (D)
  A wyvern (D)
  A yak (D)
  Grum (D)
  A basilisk (D)
  5 water moccasins (D)
  2 porcupines (D)
  14 orc warriors (D)
  2 wolves (D)
  A centaur (D)
  A crocodile (D)
  5 bullfrogs (D)
  3 crimson imps (D)
  A hound (D)
  A jelly (D)
  2 orc priests (D)
  2 orc wizards (D)
  An iguana (D)
  2 worker ants (D)
  6 worms (D)
  6 orcs (D)
  2 bats (D)
  A kobold (D)
  A frilled lizard (D)
  2 rats (D)
91 creatures vanquished.

Notes
Turn   | Place    | Note
-------+----------+-------------------------------------------
     0 | D        | potatolord6000 the Barachi Fighter began the quest for the Orb.
     0 | D        | Reached XP level 1. HP: 18/18 MP: 1/1
    29 | D        | Noticed a crimson imp
    29 | D        | Noticed an iguana
    29 | D        | Noticed a worker ant
    33 | D        | Killed a worker ant
    33 | D        | Reached skill level 5 in Fighting
    33 | D        | Reached skill level 5 in Armour
    33 | D        | Reached XP level 2. HP: 27/27 MP: 2/2
    33 | D        | Reached XP level 3. HP: 33/33 MP: 3/3
    38 | D        | Reached skill level 5 in Shields
    44 | D        | Reached skill level 5 in Long Blades
    46 | D        | Reached XP level 4. HP: 33/40 MP: 4/4
    58 | D        | Found a roughly hewn altar of Beogh.
    58 | D        | Found a snail-covered altar of Cheibriados.
    58 | D        | Found a shadowy altar of Dithmenos.
    58 | D        | Found a white marble altar of Elyvilon.
    58 | D        | Found a blossoming altar of Fedhas.
    58 | D        | Found an opulent altar of Gozag.
    58 | D        | Found a hazy altar of Hepliaklqana.
    59 | D        | Found a viscous altar of Jiyva.
    60 | D        | Found an ancient bone altar of Kikubaaqudgha.
    61 | D        | Found a corrupted altar of Lugonu.
    62 | D        | Found a burning altar of Makhleb.
    63 | D        | Found a sparkling altar of Nemelex Xobeh.
    64 | D        | Found an iron altar of Okawaru.
    65 | D        | Found a stormy altar of Qazlal.
    66 | D        | Became a worshipper of Gozag Ym Sagoz the Greedy
    67 | D        | Found a sacrificial altar of Ru.
    68 | D        | Found a deep blue altar of Sif Muna.
    69 | D        | Found a bloodstained altar of Trog.
    70 | D        | Found a hide-covered altar of Uskayaw.
    71 | D        | Found a radiant altar of Vehumet.
    73 | D        | Found a shimmering altar of Xom.
    74 | D        | Found a basalt altar of Yredelemnul.
    75 | D        | Found a glowing silver altar of Zin.
    76 | D        | Found a glowing golden altar of the Shining One.
   229 | D        | Noticed a vampire
   229 | D        | Noticed an orc warrior
   229 | D        | Noticed a two-headed ogre
   243 | D        | Killed a two-headed ogre
   243 | D        | Reached skill level 10 in Fighting
   243 | D        | Reached skill level 10 in Long Blades
   243 | D        | Reached skill level 10 in Armour
   243 | D        | Reached XP level 5. HP: 29/54 MP: 5/5
   243 | D        | Reached XP level 6. HP: 33/61 MP: 6/6
   243 | D        | Reached XP level 7. HP: 36/67 MP: 7/7
   263 | D        | Reached XP level 8. HP: 44/74 MP: 8/8
   270 | D        | Killed a vampire
   270 | D        | Reached skill level 10 in Shields
   472 | D        | Noticed a two-headed ogre
   472 | D        | Noticed a four-headed hydra
   490 | D        | Killed an 18-headed hydra
   492 | D        | Reached XP level 9. HP: 39/82 MP: 9/9
   494 | D        | Killed a two-headed ogre
   528 | D        | Bought a transparent troll leather armour for 420 gold pieces
   538 | D        | Identified the +7 troll leather armour of the Postmodern Spirits {rElec rF+ Regen+} (You bought it in a shop in the Dungeon)
   604 | D        | Noticed Psyche
   621 | D        | Killed Psyche
   703 | D        | Noticed a spiny frog
   723 | D        | Killed a spiny frog
   760 | D        | Reached XP level 10. HP: 37/92 MP: 10/10
  1009 | D        | Noticed a spiny frog
  1052 | D        | Killed a spiny frog
  1102 | D        | Noticed a lindwurm
  1142 | D        | Killed a lindwurm
  1191 | D        | Bought the cursed +0 helmet of Ozuacos {Dex+4} for 253 gold pieces
  1191 | D        | Bought a +0 pair of gloves of dexterity for 172 gold pieces
  1250 | D        | Noticed Harold
  1263 | D        | Killed Harold
  1263 | D        | Reached skill level 15 in Fighting
  1263 | D        | Reached skill level 15 in Armour
  1288 | D        | Noticed Grum
  1302 | D        | Killed Grum
  1374 | D        | Reached skill level 15 in Long Blades
  1374 | D        | Reached XP level 11. HP: 101/102 MP: 11/11
  1552 | D        | Bought the +4 plate armour "Kaymon" {+Inv rCorr Str+7 Int-3} for 1065 gold pieces
  1689 | D        | Noticed an orc sorcerer
  1703 | D        | Noticed an orc sorcerer
  1714 | D        | Killed an orc sorcerer
  1737 | D        | Killed an orc sorcerer
  1765 | D        | Found Med Zixt's Assorted Antiques.
  1765 | D        | Noticed a deep troll
  1765 | D        | Noticed a deep troll
  1765 | D        | Noticed a deep troll
  1765 | D        | Noticed an ogre mage
  1765 | D        | Noticed a stone giant
  1765 | D        | Noticed an ogre mage
  1779 | D        | Killed a stone giant
  1779 | D        | Reached skill level 15 in Shields
  1780 | D        | Found Tuanobur's Gadget Shop.
  1788 | D        | Killed an ogre mage
  1788 | D        | Paralysed by an ogre mage for 4 turns
  1795 | D        | Killed an ogre mage
  1801 | D        | Killed a deep troll
  1807 | D        | Killed a deep troll
  1812 | D        | Killed a deep troll
  1813 | D        | Found Tatiumi's General Store.
  1821 | D        | Reached XP level 12. HP: 39/114 MP: 12/12
  1851 | D        | Bought the +0 mask of the Dragon {MR+ Slay+3 SInv} for 1235 gold pieces
  2041 | D        | Found Esesotz's Antique Armour Shop.
  2046 | D        | Noticed an ogre mage
  2047 | D        | Noticed an ogre mage
  2065 | D        | Killed an ogre mage
  2081 | D        | Killed an ogre mage
  2133 | D        | Bought the ring of Xom's Malicious Joy {rN+ MR+ Str+4 Int+4} for 626 gold pieces
  2133 | D        | Bought a cursed +5 ring of protection for 624 gold pieces
  2133 | D        | Bought a +4 ring of strength for 324 gold pieces
  2224 | D        | Noticed Sonja
  2244 | D        | Slain by Sonja

Skill      XL: |  1  2  3  4  5  6  7  8  9 10 11 12 |
---------------+-------------------------------------+-----
Fighting       | 5 10 12 13 15 17 | 17.6
Armour         | 5 10 12 13 15 17 | 17.7
Long Blades    | 4 5 10 11 13 15 16 17 | 17.5
Shields        | 4 5 9 11 12 14 15 16 | 16.4

Action                   |  1- 3 |  4- 6 |  7- 9 | 10-12 || total
-------------------------+-------+-------+-------+-------++-------
Melee: Long sword        |    35 |    45 |       |       ||    80
       Scimitar          |       |    11 |   120 |   294 ||   425
Invok: Call Merchant     |       |       |     1 |     4 ||     5
  Use: Potion            |     1 |     4 |     2 |     4 ||    11
       Scroll            |       |       |       |     1 ||     1
 Stab: Invisible         |       |       |     5 |       ||     5
       Distracted        |       |       |       |     3 ||     3
  Eat: Bread ration      |       |       |       |     1 ||     1
       Meat ration       |       |       |       |     1 ||     1
Armor: Scale mail        |    17 |    16 |       |       ||    33
       Plate armour      |       |     9 |    51 |    62 ||   122
       Troll leather arm |       |       |    19 |    22 ||    41
Dodge: Dodged            |     7 |    15 |    43 |    74 ||   139
Block: Shield            |    19 |    16 |    68 |   139 ||   242
       Rpst.: Long sword |     1 |     3 |       |       ||     4
       Scimitar          |       |     1 |     7 |    17 ||    25
